 Dungeon Crawl Stone Soup version 0.24.1-8-ga250c9d538 (webtiles) character file.

Game seed: 7104822670337969980, levelgen mode: deterministic

459 nightchill the Chopper (level 6, -1/50 HPs)
             Began as a Demonspawn Fighter on May 6, 2020.
             Was a Believer of Uskayaw.
             Slain by a sky beast (5 damage)
             ... on level 5 of the Dungeon.
             The game lasted 00:08:32 (4078 turns).

nightchill the Chopper (Demonspawn Fighter)         Turns: 4078, Time: 00:08:33

Health: -1/50      AC:  7    Str: 18    XL:     6   Next: 78%
Magic:  8/8        EV:  7    Int: 10    God:    Uskayaw [**....]
Gold:   247        SH: 10    Dex: 12    Spells: 5/5 levels left

rFire    . . .     SeeInvis .   a - +0 war axe
rCold    . . .     Gourm    .   c - +0 shield
rNeg     . . .     Faith    .   b - +0 scale mail
rPois    .         Spirit   .   p - +0 helmet
rElec    .         Reflect  +   (no cloak)
rCorr    .         Harm     .   (no gloves)
MR       .....                  (no boots)
Stlth    ..........             g - +2 amulet of reflection
HPRegen  0.16/turn              n - ring of flight
MPRegen  0.11/turn              (no ring)

@: no status effects
A: talons 2
a: Stomp, Line Pass, Renounce Religion, Evoke Flight


You were on level 5 of the Dungeon.
You worshipped Uskayaw.
Uskayaw was noncommittal.
You were not hungry.

You visited 1 branch of the dungeon, and saw 5 of its levels.

You collected 247 gold pieces.

Inventory:

Hand Weapons
 a - a +0 war axe (weapon)
 A - a +0 fustibalus
Missiles
 m - 7 javelins (quivered)
 q - 75 stones
 u - 13 poisoned darts
Armour
 b - a +0 scale mail (worn)
 c - a +0 shield (worn)
 p - a +0 helmet (worn)
 r - a +0 pair of boots
Magical Staves
 D - an uncursed staff of conjuration {unknown}
Jewellery
 g - a +2 amulet of reflection (around neck)
 n - a ring of flight (left hand)
 v - a +6 ring of protection {unknown}
Wands
 d - a wand of polymorph (4)
Scrolls
 e - a scroll of noise {unknown}
 h - 7 scrolls of identify {unknown}
 i - 4 scrolls of magic mapping {unknown}
 k - a scroll of random uselessness {unknown}
 l - a scroll of remove curse {unknown}
 s - a scroll of fog {unknown}
 y - a scroll of teleportation {unknown}
 C - a scroll of blinking {unknown}
Potions
 j - a potion of agility {unknown}
 o - 2 potions of haste
 x - a potion of berserk rage {unknown}
 z - a potion of lignification {unknown}
Comestibles
 f - 7 rations
 B - a chunk of flesh


   Skills:
 + Level 4.8 Fighting
 * Level 5.2 Axes
 - Level 2.6 Armour
 - Level 2.6 Shields
 + Level 3.0 Invocations


You had 5 spell levels left.
You didn't know any spells.
Your spell library contained the following spells:

 Spells                   Type           Power        Failure   Level  Hunger
 Confusing Touch          Hex            #.....       99%         1    ##.....
 Confuse                  Hex            #.......     100%        3    ####...
 Gell's Gravitas          Tloc           #.........   100%        3    ####...
 Petrify                  Tmut/Erth      #.......     100%        4    #####..
 Metabolic Englaciation   Hex/Ice        #.........   100%        5    ######.
 Yara's Violent Unravell  Hex/Tmut       #.........   100%        5    ######.


Dungeon Overview and Level Annotations

Branches:
Dungeon (5/15)             Temple (0/1) D:4

Altars:
Ashenzari
Elyvilon
Fedhas
Makhleb
Uskayaw


Innate Abilities, Weirdness & Mutations

You have razor-sharp toenails.


Message History

The sky beast is heavily wounded.
The sky beast hits you.
* * * LOW HITPOINT WARNING * * *
The sky beast shocks you.
* * * LOW HITPOINT WARNING * * *
The sky beast hits you but does no damage.
It was a potion of haste.
You feel yourself speed up.
The sky beast hits you but does no damage.
It was a potion of ambrosia.
You are confused.
You feel invigorated.
It was a potion of cancellation.
Your magical effects are unravelling.
You feel magically purged.
You feel less invigorated.
You feel yourself slow down.
You feel less confused. The sky beast hits you.
* * * LOW HITPOINT WARNING * * *
The sky beast shocks you.
You die...

### ####.## ######.....#
##..#.#.....##
............##
....#....#..###
#..#....##...#
#..#@.......####### #
#..Y#####.....'_#.###
##....###.....###..##
#..................#
..)......#..........
..........#..........
..........##.........#
...................##.#
.###.###...............#


You could see a sky beast.

Vanquished Creatures
  An ogre (D:4)
  A crimson imp (D:5)
  A bullfrog zombie (D:5)
  Ijyb (D:4)
  An iguana (D:4)
  A worker ant (D:4)
  A hound zombie (D:5)
  2 hound skeletons (D:4)
  3 gnolls (D:5)
  6 adders
  A shadow imp (D:5)
  An ooze (D:4)
  2 worms
  3 dart slugs
  2 leopard geckos
  7 orcs
  8 giant cockroaches
  8 goblins
  6 hobgoblins
  5 jackals (D:2)
  4 kobolds
  A quokka (D:3)
  2 ball pythons
  6 bats
  6 frilled lizards
  8 rats
88 creatures vanquished.

Notes
Turn   | Place    | Note
-------+----------+-------------------------------------------
     0 | D:1      | nightchill the Demonspawn Fighter began the quest for the
                  | Orb.
     0 | D:1      | Reached XP level 1. HP: 18/18 MP: 1/1
   189 | D:1      | Reached skill level 2 in Axes
   527 | D:1      | Gained mutation: You have sharp toenails. [demonic
                  | ancestry]
   527 | D:1      | Reached XP level 2. HP: 24/24 MP: 2/2
   664 | D:1      | You fall into a shaft and drop 1 floor!
   678 | D:2      | Reached XP level 3. HP: 25/29 MP: 3/3
   891 | D:2      | Reached skill level 3 in Axes
  1512 | D:2      | Reached XP level 4. HP: 20/37 MP: 4/4
  1890 | D:3      | Found a burning altar of Makhleb.
  2346 | D:3      | Found a blossoming altar of Fedhas.
  2391 | D:3      | Reached skill level 4 in Axes
  2394 | D:3      | Found a hide-covered altar of Uskayaw.
  2428 | D:3      | Became a worshipper of Uskayaw the Reveler
  2441 | D:3      | Found a white marble altar of Elyvilon.
  2680 | D:4      | Found a staircase to the Ecumenical Temple.
  2693 | D:4      | Reached * piety under Uskayaw
  2694 | D:4      | Gained mutation: You have razor-sharp toenails. [demonic
                  | ancestry]
  2694 | D:4      | Reached XP level 5. HP: 41/42 MP: 5/5
  2697 | D:4      | Reached ** piety under Uskayaw
  2898 | D:4      | Reached skill level 1 in Invocations
  3086 | D:4      | Noticed an ogre
  3094 | D:4      | Killed an ogre
  3094 | D:4      | Reached XP level 6. HP: 22/49 MP: 7/7
  3094 | D:4      | Reached *** piety under Uskayaw
  3278 | D:4      | Noticed Ijyb
  3285 | D:4      | Killed Ijyb
  3751 | D:5      | Entered Level 5 of the Dungeon
  3763 | D:5      | Reached skill level 5 in Axes
  4041 | D:5      | Found a shattered altar of Ashenzari.
  4062 | D:5      | Noticed a sky beast
  4075 | D:5      | HP: 1/50 [sky beast (6)]
  4078 | D:5      | Slain by a sky beast

Levels and vault maps discovered:
D:1:      dpeg_arrival_circle_labyrinth_c, layout_basic, minmay_misc_feat_rows,
          minivault_26
D:2:      layout_loops_ring
D:3:      layout_rooms, lemuel_round_altar, bloody_makhleb,
          eat_drink_and_be_merry_uskayaw, elyvilon_altar_4
D:4:      layout_basic, minmay_temple_entry_overgrown, first_ration, uniq_ijyb
D:5:      layout_cave_pools, gammafunk_temple_overflow_arena, kennysheep_mini,
          nicolae_gozag_cash_rules_everything_around_me, serial_shops, shop

Skill      XL: |  1  2  3  4  5  6 |
---------------+-------------------+-----
Axes           | 2 3 4 5 |  5.2
Fighting       | 4 |  4.8
Invocations    | 2 3 |  3.0
Armour         | |  2.6
Shields        | |  2.6

Action                   |  1- 3 |  4- 6 || total
-------------------------+-------+-------++-------
Melee: War axe           |   109 |   140 ||   249
       Kick              |    24 |    44 ||    68
  Use: Potion            |       |     4 ||     4
  Eat: Chunk             |     2 |     8 ||    10
Armor: Scale mail        |    49 |    64 ||   113
Dodge: Dodged            |    17 |    30 ||    47
Block: Shield            |    83 |   106 ||   189
       Reflection        |     3 |     9 ||    12
